[Event "Titled Tuesday Blitz May 2 Late 2023"]
[White "Vaglio Munoz, Jaime"]
[Black "Kim, Sergey"]
[WhiteFideId "6500145"]
[BlackFideId "13700570"]
[WhiteElo "2199"]
[BlackElo "2295"]
[Result "1/2-1/2"]
[Round "02"]
[TimeControl "180+2"]
[Date "2023.05.02"]
[WhiteClock "0:00:23"]
[BlackClock "0:00:02"]

1. Nf3 Nf6 2. b3 g6 3. Bb2 Bg7 4. c4 d6 5. d4 O-O 6. g3 e5 7. dxe5 Nfd7 8. Bg2 dxe5 9. Qc1 Nc6 10. O-O a5 11. Rd1 Qe7 12. Nc3 Nb6 13. Nd5 Nxd5 14. cxd5 Nb4 15. a3 Na6 16. Qc3 Nc5 17. Nxe5 Nxb3 18. Qxb3 Bxe5 19. e4 a4 20. Qc2 Bd7 21. Rac1 Rfc8 22. f4 Bxb2 23. Qxb2 Rab8 24. e5 Bf5 25. Rc4 b5 26. Rc6 b4 27. axb4 Qxb4 28. Qa1 a3 29. h3 h5 30. Rdc1 Qb2 31. e6 Qxa1 32. exf7+ Kxf7 33. Rxa1 Rb1+ 34. Rxb1 Bxb1 35. d6 a2 36. Bd5+ Ke8 37. Be6 a1=Q 38. d7+ Ke7 39. dxc8=Q Qd4+ 40. Kf1 Bd3+ 41. Ke1 Qe3+ 42. Kd1 Qe2+ 43. Kc1 Qe1+ 44. Kb2 Qd2+ 45. Kb3 Qd1+ 46. Kb2 Qd2+ 47. Ka3 Qa5+ 48. Kb3 Qb5+ 49. Ka3 Qa5+ 50. Kb2 Qb5+ 51. Ka3 Qa5+ 1/2-1/2


[Site "https://www.chess.com"]

[Event "Titled Tuesday Blitz May 2 Late 2023"]
[White "Benedetti, Julio"]
[Black "Pavlidou, Ekaterini"]
[WhiteFideId "172545"]
[BlackFideId "4213262"]
[WhiteElo "2263"]
[BlackElo "2126"]
[Result "1-0"]
[Round "02"]
[TimeControl "180+2"]
[Date "2023.05.02"]
[WhiteClock "0:02:37"]
[BlackClock "0:01:33"]

1. e4 c5 2. Nc3 Nc6 3. f4 d6 4. Nf3 g6 5. Bc4 Bg7 6. d3 e6 7. f5 gxf5 8. O-O Nge7 9. Qe1 Nd4 10. Nxd4 cxd4 11. Ne2 Bd7 12. Nf4 b5 13. Bb3 h5 14. exf5 Be5 15. fxe6 fxe6 16. Nxe6 Bxe6 17. Bxe6 Qc7 18. Bg5 Rh7 19. Qf2 Ng6 20. Qf5 Qg7 21. Qe4 1-0


[Site "https://www.chess.com"]

[Event "Titled Tuesday Blitz May 2 Late 2023"]
[White "Bogaudinov, Rushan"]
[Black "Haydon, David L"]
[WhiteFideId "4129288"]
[BlackFideId "415405"]
[WhiteElo "1967"]
[BlackElo "2326"]
[Result "0-1"]
[Round "02"]
[TimeControl "180+2"]
[Date "2023.05.02"]
[WhiteClock "0:00:03"]
[BlackClock "0:00:50"]

1. e4 c6 2. d4 d5 3. e5 c5 4. dxc5 e6 5. Be3 Qc7 6. b4 a5 7. c3 axb4 8. cxb4 Nc6 9. Bb5 Qxe5 10. Qd4 Qxd4 11. Bxd4 Bd7 12. Bxc6 Bxc6 13. Nc3 f6 14. f4 Ne7 15. Nf3 Nf5 16. O-O Ra3 17. Rfc1 h5 18. Kf2 Be7 19. Rab1 Kf7 20. Rb3 Rxb3 21. axb3 Ra8 22. Ke2 Ra3 23. Rb1 b6 24. cxb6 Bxb4 25. Kd3 Bb7 26. Kc2 Ra5 27. Kb2 Ba3+ 28. Kc2 Nxd4+ 29. Nxd4 Bb4 30. Kb2 Bc5 31. Nc2 Bxb6 32. b4 Ra8 33. Ra1 Rxa1 34. Nxa1 d4 35. Nb5 Ke7 36. Nb3 e5 37. fxe5 fxe5 38. Nc5 Bxc5 39. bxc5 Bxg2 40. Kc2 Kd7 41. Kd3 Kc6 42. Nd6 Kxc5 43. Nb7+ Bxb7 44. h4 e4+ 0-1


[Site "https://www.chess.com"]

[Event "Titled Tuesday Blitz May 2 Late 2023"]
[White "Hnydiuk, Aleksander"]
[Black "Kula, Robert"]
[WhiteFideId "1109057"]
[BlackFideId "1101218"]
[WhiteElo "2374"]
[BlackElo "2180"]
[Result "1-0"]
[Round "02"]
[TimeControl "180+2"]
[Date "2023.05.02"]
[WhiteClock "0:00:11"]
[BlackClock "0:00:01"]

1. e4 c5 2. Nf3 Nc6 3. d4 cxd4 4. Nxd4 g6 5. Nc3 Bg7 6. Be3 Nf6 7. Bc4 O-O 8. Bb3 d6 9. f3 a5 10. Qd2 Bd7 11. a4 Rc8 12. O-O Ne5 13. Qe2 h5 14. Rad1 Qc7 15. Ndb5 Bxb5 16. Nxb5 Qd7 17. h3 h4 18. f4 Nc6 19. e5 Ne8 20. Bc5 Nxe5 21. fxe5 Rxc5 22. e6 Qc6 23. exf7+ Kh7 24. fxe8=Q Qxe8 25. Rxf8 Qxf8 26. Rf1 Bf6 27. Qf3 Rf5 28. Qd3 Rxf1+ 29. Qxf1 Kg7 30. c3 Qc8 31. Qf2 Qc6 32. Nd4 Qe4 33. Ne6+ Kh7 34. Nf4 Qb1+ 35. Kh2 g5 36. Bc2+ Kg7 37. Bxb1 gxf4 38. Qf3 e5 39. Qh5 1-0


[Site "https://www.chess.com"]

[Event "Titled Tuesday Blitz May 2 Late 2023"]
[White "Roebers, Eline"]
[Black "Carrasco Miranda, Andres"]
[WhiteFideId "1058401"]
[BlackFideId "3405990"]
[WhiteElo "2356"]
[BlackElo "2183"]
[Result "1-0"]
[Round "02"]
[TimeControl "180+2"]
[Date "2023.05.02"]
[WhiteClock "0:01:57"]
[BlackClock "0:01:37"]

1. g4 e5 2. Bg2 Nc6 3. c4 Bc5 4. e3 Nge7 5. a3 a5 6. Nc3 d6 7. h3 Be6 8. Nge2 Qd7 9. d4 exd4 10. exd4 Bxc4 11. dxc5 dxc5 12. Qxd7+ Kxd7 13. Be3 b6 14. O-O-O+ Kc8 15. Nf4 Bb3 16. Rd2 Rb8 17. Nfd5 Ng6 18. Re1 h5 19. Be4 Nge5 20. Bf4 Nc4 21. Rd3 hxg4 22. hxg4 a4 23. Bxc7 Rb7 24. Bf5# 1-0


[Site "https://www.chess.com"]

[Event "Titled Tuesday Blitz May 2 Late 2023"]
[White "Ozdemir, Serhan Berat"]
[Black "Kovacs, Klara"]
[WhiteFideId "6374611"]
[BlackFideId "733210"]
[WhiteElo "2015"]
[BlackElo "2179"]
[Result "0-1"]
[Round "02"]
[TimeControl "180+2"]
[Date "2023.05.02"]
[WhiteClock "0:00:01"]
[BlackClock "0:00:35"]

1. e4 e6 2. d4 d5 3. Nd2 Ne7 4. Ngf3 c5 5. dxc5 a5 6. Bd3 Na6 7. exd5 Nxd5 8. Ne4 Nxc5 9. Nxc5 Bxc5 10. O-O h6 11. Qe2 O-O 12. c3 b6 13. Rd1 Qc7 14. Qe4 f5 15. Qe2 Kh8 16. Ne5 Kh7 17. Re1 Bd6 18. Nf3 Bb7 19. Qxe6 Rae8 20. Qxe8 Rxe8 21. Rxe8 Ne7 22. Nd4 Bxh2+ 23. Kh1 g6 24. Bd2 Bd6 25. Re1 Bc5 26. Bf1 g5 27. Ne6 Qc6 0-1


[Site "https://www.chess.com"]

[Event "Titled Tuesday Blitz May 2 Late 2023"]
[White "Guzman Moneo, Alberto"]
[Black "Dushyant Sharma"]
[WhiteFideId "2209616"]
[BlackFideId "25065130"]
[WhiteElo "2157"]
[BlackElo "2198"]
[Result "1-0"]
[Round "02"]
[TimeControl "180+2"]
[Date "2023.05.02"]
[WhiteClock "0:00:18"]
[BlackClock "0:00:15"]

1. Nf3 d5 2. g3 g6 3. d4 Bg7 4. Bg2 Nf6 5. O-O O-O 6. c4 c6 7. cxd5 cxd5 8. Nc3 Nc6 9. Ne5 Be6 10. Nxc6 bxc6 11. Bf4 Nd7 12. Rc1 f6 13. e4 Nb6 14. b3 Bf7 15. e5 Rc8 16. Re1 c5 17. e6 Be8 18. dxc5 Rxc5 19. Be3 Rc6 20. Nxd5 Rxc1 21. Bxc1 Nxd5 22. Qxd5 Qb6 23. Be3 Qa6 24. a4 g5 25. Bc5 Qa5 26. b4 Qc7 27. a5 Ba4 28. Qb7 Qxb7 29. Bxb7 Rb8 30. Be4 Kf8 31. Bxh7 g4 32. Bf5 Bh6 33. Bxg4 Bd2 34. Re2 Bc3 35. Re4 a6 36. h4 Bc6 37. Rf4 Rd8 38. Rxf6+ Kg8 39. Bxe7 Bxf6 40. Bxf6 Rd2 41. e7 Rc2 42. Be6+ Kh7 43. f4 Re2 44. f5 Kh6 45. g4 Re4 46. g5+ Kh5 47. Kf2 Kxh4 48. b5 Bxb5 49. Bf7 Re2+ 50. Kf3 Re1 51. g6+ Kh3 52. g7 Bc6+ 53. Kf4 Re4+ 54. Kg5 Rg4+ 55. Kh6 Bd5 56. g8=Q Rxg8 57. Bxg8 Bc6 58. Bd5 Bxd5 59. e8=Q Bc6 60. Qg6 Bf3 61. Qg5 Bg4 62. Kg7 Bxf5 63. Qh6+ Kg4 64. Qg5+ Kf3 65. Qxf5+ Ke3 66. Qe5+ Kd3 67. Qd6+ Kc4 68. Qxa6+ Kb4 69. Qb6+ Ka3 70. Bh4 Ka4 71. a6 Ka3 72. a7 Ka2 73. a8=Q# 1-0


[Site "https://www.chess.com"]

[Event "Titled Tuesday Blitz May 2 Late 2023"]
[White "Nazaretyan, Tigran"]
[Black "Napoli, Nicolo"]
[WhiteFideId "24162345"]
[BlackFideId "813702"]
[WhiteElo "2111"]
[BlackElo "2308"]
[Result "1-0"]
[Round "02"]
[TimeControl "180+2"]
[Date "2023.05.02"]
[WhiteClock "0:01:01"]
[BlackClock "0:00:04"]

1. d4 e6 2. Nf3 f5 3. c3 Nf6 4. Nbd2 b6 5. g3 Bb7 6. Bg2 Bd6 7. O-O O-O 8. a4 f4 9. Qc2 fxg3 10. hxg3 Qe8 11. e4 Be7 12. Ne5 d6 13. Nd3 Ng4 14. Nf4 Bg5 15. Nh3 Qh5 16. f4 Ne3 17. Qd3 Nxf1 18. Nxg5 Ba6 19. c4 Nxd2 20. Bxd2 Qg6 21. f5 Qe8 22. Nxe6 Rf7 23. e5 c6 24. exd6 Nd7 25. Nc7 Qc8 26. Bxc6 Rb8 27. Bd5 Nf6 28. Be6 Qd8 29. Bf4 1-0


[Site "https://www.chess.com"]

[Event "Titled Tuesday Blitz May 2 Late 2023"]
[White "Jaskolka, Tomasz"]
[Black "Onslow, Alfie"]
[WhiteFideId "1170791"]
[BlackFideId "436976"]
[WhiteElo "2155"]
[BlackElo "2114"]
[Result "0-1"]
[Round "02"]
[TimeControl "180+2"]
[Date "2023.05.02"]
[WhiteClock "0:00:14"]
[BlackClock "0:00:09"]

1. d4 Nf6 2. c4 c5 3. d5 b5 4. cxb5 a6 5. Nc3 axb5 6. e4 b4 7. Nb5 d6 8. Bc4 Nbd7 9. Nf3 Ba6 10. Qe2 Qb6 11. Bf4 Rb8 12. Nxd6+ exd6 13. Bxa6 Nh5 14. Bg5 f6 15. Be3 g6 16. O-O Be7 17. Bc4 O-O 18. a4 bxa3 19. bxa3 Ne5 20. Nxe5 fxe5 21. a4 Nf4 22. Qg4 Qb4 23. Rfc1 Rf7 24. g3 h5 25. Qd7 Bf8 26. Qc6 Nh3+ 27. Kg2 Nxf2 28. Bxf2 Qd2 29. Rf1 Rb2 30. Kh3 Rxf2 31. Rxf2 Qxf2 32. Kh4 Be7+ 33. Kh3 Qxh2# 0-1


[Site "https://www.chess.com"]

[Event "Titled Tuesday Blitz May 2 Late 2023"]
[White "Martic, Ivan"]
[Black "Buchenau, Frank"]
[WhiteFideId "929301"]
[BlackFideId "4604350"]
[WhiteElo "2360"]
[BlackElo "2157"]
[Result "0-1"]
[Round "02"]
[TimeControl "180+2"]
[Date "2023.05.02"]
[WhiteClock "0:01:41"]
[BlackClock "0:01:04"]

1. d4 e6 2. c4 Nf6 3. Nc3 Bb4 4. e3 O-O 5. Bd3 c5 6. a3 Bxc3+ 7. bxc3 d6 8. Ne2 e5 9. d5 e4 10. Bc2 Re8 11. h4 Bg4 12. Qd2 Nbd7 13. a4 Ne5 14. Bb3 Nd3+ 15. Kf1 Nd7 16. Nf4 N7e5 17. Ba3 Qf6 18. Nxd3 Nxd3 19. Kg1 Re5 20. Bc2 Qg6 21. Bxd3 exd3 22. Kh2 Rh5 23. f3 Bxf3 24. Qf2 Rxh4+ 25. Kg1 Rxh1+ 26. Kxh1 Be4 27. a5 Re8 28. Ra2 Re5 29. Rb2 Rg5 30. Qh4 Rh5 0-1


[Site "https://www.chess.com"]

[Event "Titled Tuesday Blitz May 2 Late 2023"]
[White "Ng, Gary"]
[Black "Meunier-Pion, Jean"]
[WhiteFideId "2604914"]
[BlackFideId "20685327"]
[WhiteElo "2213"]
[BlackElo "2124"]
[Result "0-1"]
[Round "02"]
[TimeControl "180+2"]
[Date "2023.05.02"]
[WhiteClock "0:00:07"]
[BlackClock "0:00:23"]

1. d4 Nf6 2. Bf4 e6 3. e3 c5 4. Nd2 Nc6 5. Ngf3 d5 6. c3 Bd6 7. Bg3 O-O 8. Bb5 a6 9. Bxc6 bxc6 10. Qa4 cxd4 11. exd4 Qc7 12. O-O c5 13. dxc5 Bxg3 14. hxg3 Qxc5 15. Nb3 Qc7 16. Rfe1 Bd7 17. Qh4 a5 18. Ne5 Rfb8 19. Re2 a4 20. Nd4 Bb5 21. Nxb5 Rxb5 22. a3 Ne4 23. Nd3 Rab8 24. Rc1 h6 25. c4 g5 26. Qxh6 R5b6 27. cxd5 exd5 28. Qh5 Qd8 29. Ne5 Qe7 30. Nc6 Qc7 31. Rec2 Rxb2 32. Rxb2 Rxb2 33. f3 Qb6+ 34. Kh2 Qf2 35. Ne7+ Kf8 36. Rc8+ Kxe7 37. Rc7+ Kd6 0-1


[Site "https://www.chess.com"]

[Event "Titled Tuesday Blitz May 2 Late 2023"]
[White "Liu, Eric"]
[Black "Gelbenegger, Patrick"]
[WhiteFideId "30960240"]
[BlackFideId "1638220"]
[WhiteElo "2094"]
[BlackElo "2160"]
[Result "1-0"]
[Round "02"]
[TimeControl "180+2"]
[Date "2023.05.02"]
[WhiteClock "0:00:10"]
[BlackClock "0:00:01"]

1. b3 c5 2. Bb2 Nc6 3. e3 d6 4. Be2 e5 5. c3 Bf5 6. c4 Nf6 7. Nc3 Ne4 8. d3 Nxc3 9. Bxc3 Be7 10. Nf3 Bf6 11. Qd2 e4 12. dxe4 Bxe4 13. O-O-O Bxc3 14. Qxc3 O-O 15. Bd3 Nb4 16. Bb1 Qa5 17. Qb2 Bxb1 18. Kxb1 Rad8 19. h4 d5 20. cxd5 Nxd5 21. Ka1 Nc3 22. Rc1 Ne4 23. h5 h6 24. Rc4 Nd2 25. Ra4 Qc7 26. Nxd2 b5 27. Rg4 f6 28. Ne4 f5 29. Nxc5 fxg4 30. Ne6 Qd6 31. Nxf8 Rxf8 32. Qc2 Qe5+ 33. Kb1 g3 34. fxg3 Qxe3 35. Qg6 Rf6 36. Qc2 Qxg3 37. Rd1 Rf8 38. Qc6 Qg5 39. Qd5+ Qxd5 40. Rxd5 a6 41. Rd6 Ra8 42. Kc2 Kf7 43. Kd3 a5 44. Rb6 b4 45. Kc4 Re8 46. Kb5 Re5+ 47. Ka6 Re2 48. Kxa5 Rxa2+ 49. Kxb4 Rxg2 50. Rb5 Kf6 51. Ka5 Rg5 52. b4 1-0


[Site "https://www.chess.com"]

[Event "Titled Tuesday Blitz May 2 Late 2023"]
[White "Remolar Gallen, Jose"]
[Black "Elissalt Cardenas, Hector"]
[WhiteFideId "2215187"]
[BlackFideId "3500632"]
[WhiteElo "2223"]
[BlackElo "2202"]
[Result "1-0"]
[Round "02"]
[TimeControl "180+2"]
[Date "2023.05.02"]
[WhiteClock "0:00:11"]
[BlackClock "0:00:01"]

1. e4 d6 2. d4 Nf6 3. Nc3 c6 4. f4 Qa5 5. Bd3 e5 6. Nf3 Bg4 7. dxe5 dxe5 8. h3 Bxf3 9. Qxf3 Nbd7 10. Bd2 exf4 11. Qxf4 Qe5 12. O-O-O Bd6 13. Qf2 O-O 14. Rhf1 Qg3 15. Qf5 Rae8 16. Ne2 Qe5 17. Qf2 Qe7 18. Ng3 Bxg3 19. Qxg3 Nh5 20. Qf2 Ne5 21. Kb1 h6 22. Rde1 Rd8 23. Bc3 b6 24. Qf5 Nf6 25. Bxe5 Nd7 26. Bc3 Nc5 27. Rf3 Ne6 28. Rg3 Kh8 29. Bxg7+ Nxg7 30. Qf4 Qe6 31. Rf1 Rg8 32. e5 Rd5 33. Qe4 1-0


[Site "https://www.chess.com"]

[Event "Titled Tuesday Blitz May 2 Late 2023"]
[White "Ansh M Shah"]
[Black "Rengifo Blancas, Renzo Jhonathan"]
[WhiteFideId "25033379"]
[BlackFideId "3807185"]
[WhiteElo "2084"]
[BlackElo "2085"]
[Result "0-1"]
[Round "02"]
[TimeControl "180+2"]
[Date "2023.05.02"]
[WhiteClock "0:01:00"]
[BlackClock "0:02:30"]

1. d4 Nf6 2. c4 e6 3. g3 d5 4. Bg2 Be7 5. Nf3 O-O 6. O-O c5 7. Qc2 Nc6 8. dxc5 Bxc5 9. cxd5 Qxd5 10. Nc3 Qh5 11. h3 e5 12. g4 Bxg4 13. hxg4 Nxg4 14. Ne4 Nd4 15. Rd1 Nxc2 16. Nxc5 Nxa1 17. Bd2 Nc2 18. Rc1 Nd4 19. Nxd4 exd4 20. Ne4 Rae8 21. Ng3 Qh2+ 22. Kf1 Ne3+ 23. Bxe3 dxe3 24. Nh1 exf2 25. Nxf2 Rxe2 26. Kxe2 Qxg2 0-1


[Site "https://www.chess.com"]

[Event "Titled Tuesday Blitz May 2 Late 2023"]
[White "Urbina Perez, Juan Antonio"]
[Black "Tsyhanchuk, Stanislav"]
[WhiteFideId "2217368"]
[BlackFideId "13505130"]
[WhiteElo "2197"]
[BlackElo "2173"]
[Result "0-1"]
[Round "02"]
[TimeControl "180+2"]
[Date "2023.05.02"]
[WhiteClock "0:00:17"]
[BlackClock "0:00:25"]

1. c4 c5 2. g3 Nc6 3. Bg2 g6 4. Nf3 Bg7 5. O-O e6 6. Nc3 Nge7 7. b3 O-O 8. Bb2 d5 9. cxd5 exd5 10. d3 b6 11. Rc1 Bb7 12. Qc2 Rc8 13. Qb1 Re8 14. Rfe1 Qd7 15. e3 a6 16. Ne2 Bxb2 17. Qxb2 Nf5 18. d4 Nb4 19. Red1 Qe7 20. a3 Nxe3 21. fxe3 Qxe3+ 22. Kf1 Nd3 23. Rxd3 Qxd3 24. Qc2 Qe3 25. Qd2 Qxd2 26. Nxd2 a5 27. Kf2 Ba6 28. Nf4 cxd4 29. Rxc8 Rxc8 30. Nxd5 Rc2 31. Ke1 Rc1+ 32. Kf2 d3 33. Nxb6 Rd1 34. Ke3 Re1+ 35. Kd4 Re2 36. Kc3 Rxg2 37. Nbc4 Rxh2 38. Nxa5 Rg2 39. b4 Rxg3 40. a4 Rg4 41. Nac4 Bxc4 42. Nxc4 Rxc4+ 43. Kxc4 d2 0-1


[Site "https://www.chess.com"]

[Event "Titled Tuesday Blitz May 2 Late 2023"]
[White "Koc, Przemyslaw"]
[Black "Wang, Alexander J"]
[WhiteFideId "1109081"]
[BlackFideId "30955270"]
[WhiteElo "2161"]
[BlackElo "1815"]
[Result "1-0"]
[Round "02"]
[TimeControl "180+2"]
[Date "2023.05.02"]
[WhiteClock "0:01:35"]
[BlackClock "0:00:14"]

1. Nf3 d5 2. d4 Nf6 3. e3 e6 4. Bd3 c5 5. b3 Nc6 6. Bb2 a6 7. Nbd2 b5 8. dxc5 Bxc5 9. a3 O-O 10. O-O Be7 11. e4 dxe4 12. Nxe4 Bb7 13. Nfg5 Nxe4 14. Nxe4 Nd4 15. Qh5 Nf5 16. Rad1 Qc7 17. g4 Nh6 18. Nf6+ Bxf6 19. Bxf6 Qc6 20. f3 gxf6 21. Qxh6 f5 22. gxf5 exf5 23. Qxc6 Bxc6 24. Bxf5 Rad8 25. Kf2 1-0


[Site "https://www.chess.com"]

[Event "Titled Tuesday Blitz May 2 Late 2023"]
[White "Rose, Felix"]
[Black "Erzhanov, Arman"]
[WhiteFideId "5105722"]
[BlackFideId "4138821"]
[WhiteElo "2039"]
[BlackElo "2138"]
[Result "0-1"]
[Round "02"]
[TimeControl "180+2"]
[Date "2023.05.02"]
[WhiteClock "0:00:13"]
[BlackClock "0:01:15"]

1. e4 d6 2. d4 Nf6 3. Nc3 c6 4. f4 d5 5. e5 Ng8 6. h3 h5 7. Bd3 g6 8. Nf3 Nh6 9. O-O Bf5 10. Ne2 e6 11. c3 Be7 12. Be3 h4 13. a4 Nd7 14. a5 Kf8 15. b4 Kg7 16. Ng5 Bxd3 17. Qxd3 Nf5 18. Bd2 Qc7 19. Ra2 b6 20. axb6 Nxb6 21. Rfa1 Nc4 22. Bc1 a5 23. Nf3 Ra7 24. bxa5 Rxa5 25. Rxa5 Nxa5 26. Ba3 Bxa3 27. Rxa3 Nc4 28. Ra2 Rb8 29. Kh2 Rb3 30. Nd2 Nxd2 31. Qxd2 Rb1 32. Rb2 Ra1 33. g4 hxg3+ 34. Nxg3 Nxg3 35. Kxg3 Qa5 36. Kh2 Rf1 37. Kg2 Qa1 38. Ra2 Rg1+ 39. Kh2 Rh1+ 40. Kg3 Qg1+ 41. Qg2 Qe3+ 42. Kg4 Rg1 43. h4 Rxg2+ 44. Rxg2 Qxc3 45. h5 Qxd4 46. hxg6 fxg6 47. Kg5 c5 48. Rh2 Qe4 49. Rg2 Qxg2+ 0-1


[Site "https://www.chess.com"]

[Event "Titled Tuesday Blitz May 2 Late 2023"]
[White "Kostiukov, Alexandr"]
[Black "Kukelko, Alexey"]
[WhiteFideId "14108100"]
[BlackFideId "14153084"]
[WhiteElo "2202"]
[BlackElo "2264"]
[Result "0-1"]
[Round "02"]
[TimeControl "180+2"]
[Date "2023.05.02"]
[WhiteClock "0:00:09"]
[BlackClock "0:00:13"]

1. g3 d5 2. Bg2 g6 3. d3 Bg7 4. e4 e6 5. Qe2 Ne7 6. Nf3 c5 7. h4 h6 8. O-O Nbc6 9. c4 O-O 10. Nc3 d4 11. Na4 Qd6 12. a3 e5 13. b4 b6 14. b5 Na5 15. h5 Bg4 16. Qc2 Bxh5 17. Nh2 f5 18. exf5 gxf5 19. Bxa8 Rxa8 20. f4 e4 21. Qg2 Re8 22. g4 fxg4 23. dxe4 d3 24. Rb1 Nxc4 25. Nxg4 d2 26. Bxd2 Nxd2 27. Rfd1 Qd4+ 28. Kh2 Bxg4 29. Rxd2 Qxa4 30. Qxg4 Qxe4 31. Rg1 Nf5 32. Rdg2 Rf8 33. Qg6 Qxf4+ 34. Kh1 Qh4+ 35. Rh2 Qe4+ 36. Rhg2 Ng3+ 0-1


[Site "https://www.chess.com"]

[Event "Titled Tuesday Blitz May 2 Late 2023"]
[White "Principe, Gerson"]
[Black "Kohler, Aran"]
[WhiteFideId "3804550"]
[BlackFideId "1002856"]
[WhiteElo "2229"]
[BlackElo "2010"]
[Result "1-0"]
[Round "02"]
[TimeControl "180+2"]
[Date "2023.05.02"]
[WhiteClock "0:00:33"]
[BlackClock "0:00:25"]

1. d4 Nf6 2. Nf3 d5 3. c4 c6 4. e3 e6 5. Nbd2 Nbd7 6. b3 Bd6 7. Bb2 a5 8. a3 e5 9. dxe5 Nxe5 10. Nxe5 Qe7 11. Nef3 Bg4 12. Be2 O-O 13. O-O Rad8 14. Bxf6 Qxf6 15. cxd5 Bb8 16. Nd4 Bxe2 17. Qxe2 Rxd5 18. g3 Re8 19. Qf3 Qh6 20. Nc4 Rh5 21. Qg2 Bc7 22. Rad1 Rc5 23. Nd2 Be5 24. N2f3 Bf6 25. Rd2 Rc3 26. Rfd1 g6 27. a4 Qh5 28. Rd3 Rxd3 29. Rxd3 b5 30. Nxc6 bxa4 31. bxa4 Qc5 32. Ncd4 Qc1+ 33. Qf1 Qb2 34. Rd1 Rb8 35. Nb5 Qb4 36. Nd6 Qxa4 37. Qd3 Qa2 38. Qd5 Qxd5 39. Rxd5 Ra8 40. Rd2 a4 41. Ra2 a3 42. Nd4 Ra4 43. N6b5 Be7 44. Kg2 h5 45. h4 Kg7 46. Nc2 Ra5 47. Nbxa3 Bd6 48. Ra1 f5 49. Nc4 Rxa1 50. Nxa1 Be7 51. Nb3 Bf6 52. Nc5 Bc3 53. Nd3 Kf6 54. Nf4 Ba1 55. Nb6 Kg7 56. Nbd5 Be5 57. Kf3 Bd6 58. e4 fxe4+ 59. Kxe4 Bc5 60. f3 Bf2 61. Ne2 Be1 62. Ne3 Kf6 63. Ng2 Bd2 64. g4 hxg4 65. fxg4 g5 66. h5 Kg7 67. Ng3 Bc1 68. Nf5+ Kf6 69. Ne1 Bd2 70. Nd3 Bc3 71. Nc5 Kf7 72. Nd7 Ke6 73. Nb6 Kf7 74. Nc4 Bf6 75. Nd2 Kg8 76. Nf3 Kh7 77. Nd6 Kh6 78. Nf7+ Kg7 79. N7xg5 Bxg5 80. Nxg5 Kf6 81. Kf4 Kg7 82. Nf3 Kh6 83. Kf5 Kg7 84. g5 Kh7 85. h6 Kg8 86. g6 Kh8 87. Nd2 Kg8 88. Ne4 Kf8 89. Nf6 Ke7 90. g7 1-0


[Site "https://www.chess.com"]

[Event "Titled Tuesday Blitz May 2 Late 2023"]
[White "Van den Dikkenberg, Erik"]
[Black "Ladan, Nicholas"]
[WhiteFideId "1005880"]
[BlackFideId "30918855"]
[WhiteElo "2118"]
[BlackElo "2167"]
[Result "1-0"]
[Round "02"]
[TimeControl "180+2"]
[Date "2023.05.02"]
[WhiteClock "0:00:09"]
[BlackClock "0:00:10"]

1. e4 e5 2. Nf3 Nc6 3. d4 exd4 4. Nxd4 Bc5 5. Nb3 Bb6 6. Nc3 Nge7 7. Qe2 O-O 8. Be3 f5 9. O-O-O f4 10. Bc5 d6 11. f3 Be6 12. Bf2 Ne5 13. Nd5 Nxd5 14. exd5 Bf5 15. Nd4 Qf6 16. Nxf5 Qxf5 17. h4 Rae8 18. Qd2 Rf6 19. Bd4 Bxd4 20. Qxd4 Nd7 21. Bd3 Qe5 22. Qxa7 Nc5 23. Rhe1 Nxd3+ 24. cxd3 Qxe1 25. Rxe1 Rxe1+ 26. Kd2 Re7 27. Qb8+ Rf8 28. Qxb7 Rfe8 29. Kc3 Kf7 30. a4 c5 31. Qc6 Rd8 32. a5 Rdd7 33. a6 Kf6 34. Qb6 Ke5 35. Qb3 Ra7 36. Qc4 Kf5 37. b3 h6 38. Qb5 g5 39. Qc6 Ke5 40. hxg5 hxg5 41. Qb6 Kxd5 42. Qb5 Rec7 43. Qc4+ Ke5 44. Qe4+ Kf6 45. Qd5 Rxa6 46. Qg8 Raa7 47. Qf8+ Ke6 48. Qh6+ Kd7 49. Qxg5 Kc6 50. Qf5 Re7 51. Qxf4 Re5 52. Qg4 Rae7 53. f4 Re1 54. Qf3+ Kc7 55. f5 R7e2 56. Kc4 Rb2 57. Qd5 Rc1+ 58. Kb5 Rcb1 59. Qf7+ Kd8 60. Kc6 Rxb3 61. Qd7# 1-0


[Site "https://www.chess.com"]

[Event "Titled Tuesday Blitz May 2 Late 2023"]
[White "Smith, Shreyas"]
[Black "Saya, Ethan"]
[WhiteFideId "7400713"]
[BlackFideId "26095181"]
[WhiteElo "2151"]
[BlackElo "2189"]
[Result "0-1"]
[Round "02"]
[TimeControl "180+2"]
[Date "2023.05.02"]
[WhiteClock "0:00:02"]
[BlackClock "0:00:45"]

1. e4 c5 2. Nf3 Nc6 3. Bb5 g6 4. O-O Bg7 5. c3 Qb6 6. Na3 a6 7. Ba4 Qc7 8. d4 b5 9. Bb3 c4 10. Bc2 Nf6 11. d5 Ne5 12. Nxe5 Qxe5 13. f4 Qh5 14. Qe1 O-O 15. Bd1 Qh6 16. Nc2 d6 17. h3 Bxh3 18. gxh3 Qxh3 19. Qf2 Nxe4 20. Qg2 Qxg2+ 21. Kxg2 Nf6 22. Bf3 Rac8 23. Re1 Rc7 24. Nd4 Re8 25. Nc6 e6 26. dxe6 fxe6 27. Be3 d5 28. Ne5 Nd7 29. Nxd7 Rxd7 30. a4 b4 31. Bd4 Bxd4 32. cxd4 a5 33. Re5 Kg7 34. Rae1 Kf7 35. Bg4 Rd6 36. Kf3 Kf6 37. Bh3 h6 38. Kg3 Re7 39. Bg4 Rc6 40. Bf3 h5 41. Kh4 c3 42. bxc3 Rxc3 43. Bg2 Rc4 44. Bh3 Rxd4 45. Rxe6+ Rxe6 46. Rxe6+ Kf7 47. Kg5 Rd3 0-1


[Site "https://www.chess.com"]

[Event "Titled Tuesday Blitz May 2 Late 2023"]
[White "Manukian, Artak"]
[Black "Avalos Parra, Joao"]
[WhiteFideId "13301373"]
[BlackFideId "3402541"]
[WhiteElo "2130"]
[BlackElo "2173"]
[Result "1-0"]
[Round "02"]
[TimeControl "180+2"]
[Date "2023.05.02"]
[WhiteClock "0:01:07"]
[BlackClock "0:00:10"]

1. e4 e5 2. Nf3 Nc6 3. d4 exd4 4. Nxd4 Nf6 5. Nxc6 bxc6 6. e5 Qe7 7. Qe2 Nd5 8. c4 Ba6 9. b3 g6 10. g3 Bg7 11. Bb2 O-O 12. Bg2 Rae8 13. O-O Bxe5 14. Qxe5 Qxe5 15. Bxe5 Rxe5 16. cxd5 Bxf1 17. Kxf1 cxd5 18. Nc3 c6 19. Bf3 a5 20. h4 Kg7 21. Rc1 Ra8 22. Na4 Kf8 23. Be2 Ke7 24. Ke1 Kd6 25. Kd2 f5 26. Bd3 Rf8 27. Nc5 f4 28. g4 f3 29. Nb7+ Kc7 30. Nxa5 Rf4 31. Rg1 Re8 32. a3 c5 33. Kc3 Kb6 34. b4 c4 35. Bxc4 dxc4 36. Nxc4+ Kc7 37. Ne3 Kc6 38. Rc1 d5 39. Kd3+ Kd6 40. Rc5 d4 41. Nc4+ Kd7 42. Rd5+ Ke6 43. Re5+ Kf7 44. Nd6+ Kf6 45. Rxe8 Rxg4 46. b5 Rg2 47. b6 1-0


[Site "https://www.chess.com"]

[Event "Titled Tuesday Blitz May 2 Late 2023"]
[White "Estremera Panos, Sergio"]
[Black "Bilan, Danila"]
[WhiteFideId "2200864"]
[BlackFideId "24161918"]
[WhiteElo "2253"]
[BlackElo "2182"]
[Result "1-0"]
[Round "02"]
[TimeControl "180+2"]
[Date "2023.05.02"]
[WhiteClock "0:00:15"]
[BlackClock "0:00:02"]

1. d4 d5 2. c4 c6 3. Nf3 Nf6 4. e3 e6 5. b3 Nbd7 6. Bb2 Bd6 7. Bd3 Qc7 8. Nbd2 e5 9. cxd5 Nxd5 10. O-O O-O 11. Nc4 exd4 12. Nxd6 Qxd6 13. Bxd4 Nc5 14. Bxh7+ Kh8 15. Qc2 Ne6 16. Bf5 Nxd4 17. Nxd4 g6 18. Be4 Kg7 19. Bxd5 Qxd5 20. Rac1 Bg4 21. h3 Bd7 22. Rfd1 Rad8 23. Qc3 Kg8 24. b4 Qxa2 25. Nf3 Bf5 26. Nd4 Qd5 27. Qa3 a6 28. Rc5 Qe4 29. Rdc1 Rd5 30. Qa5 Rfd8 31. Qc7 R8d7 32. Qb8+ Kg7 33. Rxd5 Qxd5 34. Rc5 Qe4 35. Nxf5+ gxf5 36. Qc8 Rd1+ 37. Kh2 Rd2 38. Qc7 f4 39. exf4 Rxf2 40. Rg5+ Kh6 41. Qd6+ Kh7 42. Rh5+ Kg8 43. Qd8+ Kg7 44. Rg5+ Kh6 45. Qh8+ Qh7 46. Rh5+ Kxh5 47. Qxh7# 1-0


[Site "https://www.chess.com"]